 Dungeon Crawl Stone Soup version 0.27-a0-1281-ge233d83751 (webtiles) character file.

Game seed: 3478017936274732290

1282 27snakeeyes612 the Skirmisher (level 8, 0/43 HPs)
             Began as a Vine Stalker Fighter on June 14, 2021.
             Engulfed by a steam dragon's steam (3 damage)
             ... on level 6 of the Dungeon.
             The game lasted 00:04:01 (5021 turns).

27snakeeyes612 the Skirmisher (VSFi)                Turns: 5021, Time: 00:04:02

Health: 0/43       AC: 11    Str: 21    XL:     8   Next: 54%
Magic:  0/9        EV:  7    Int:  8    God:
Gold:   299        SH: 10    Dex: 14    Spells: 7/7 levels left

rFire    . . .     SeeInvis +   a - +0 war axe
rCold    . . .     Faith    .   c - +0 kite shield
rNeg     . . .     Spirit   +   b - +0 scale mail
rPois    .         Reflect  .   i - +2 helmet
rElec    .         Harm     .   (no cloak)
rCorr    .         Rampage  .   j - +0 pair of gloves
Will     +....                  (no boots)
Stlth    ..........             (no amulet)
HPRegen  1.14/turn              r - ring of see invisible
MPRegen  0.11/turn              (no ring)

@: lethally poisoned (0 -> 0)
A: fangs 3, regeneration 1, magic shield, antimagic bite, no potion heal 2
a: no special abilities


You were on level 6 of the Dungeon.
You visited 2 branches of the dungeon, and saw 7 of its levels.

You collected 299 gold pieces.

Inventory:

Hand Weapons
 a - a +0 war axe (weapon)
Armour
 b - a +0 scale mail (worn)
 c - a +0 kite shield (worn)
 i - a +2 helmet (worn)
 j - a +0 pair of gloves (worn)
Jewellery
 r - a ring of see invisible (left hand)
 u - an amulet of magic regeneration
Scrolls
 f - 3 scrolls of teleportation {unknown}
 h - a scroll of brand weapon {unknown}
 l - 4 scrolls of identify {unknown}
 n - a scroll of enchant armour {unknown}
 o - a scroll of magic mapping {unknown}
 p - a scroll of enchant weapon {unknown}
 s - a scroll of noise {unknown}
 t - 2 scrolls of immolation {unknown}
Potions
 d - a potion of might
 e - 2 potions of haste {unknown}
 g - 2 potions of curing {unknown}
 k - a potion of lignification {unknown}
 m - 2 potions of ambrosia {unknown}
 q - a potion of invisibility {unknown}
 v - a potion of brilliance {unknown}


   Skills:
 + Level 5.3 Fighting
 + Level 4.8 Axes
 + Level 4.8 Armour
 + Level 5.3 Shields


You had 7 spell levels left.
You didn't know any spells.
Your spell library contained the following spells:

 Spells                   Type           Power      Damage    Failure   Level
 Foxfire                  Conj/Fire      0%         2x1d4     98%         1
 Summon Small Mammal      Summ           0%         N/A       98%         1
 Call Imp                 Summ           0%         N/A       99%         2
 Call Canine Familiar     Summ           0%         N/A       100%        3
 Conjure Flame            Conj/Fire      0%         6-21      100%        3
 Inner Flame              Hex/Fire       0%         N/A       100%        3
 Summon Guardian Golem    Hex/Summ       0%         N/A       100%        3
 Sticky Flame             Conj/Fire      0%         2d3       100%        4
 Summon Ice Beast         Ice/Summ       0%         N/A       100%        4
 Summon Lightning Spire   Summ/Air       0%         N/A       100%        4
 Fireball                 Conj/Fire      0%         3d3       100%        5


Dungeon Overview and Level Annotations

Branches:
Dungeon (6/15)             Temple (1/1) D:4

Altars:
Ashenzari
Cheibriados
Dithmenos
Elyvilon
Fedhas
Gozag
Hepliaklqana
Kikubaaqudgha
Nemelex Xobeh
Okawaru
Qazlal
Ru
Sif Muna
Trog
Uskayaw
Vehumet
Yredelemnul
The Shining One

Shops:
D:3 :*


Innate Abilities, Weirdness & Mutations

You have razor-sharp teeth.
Your natural rate of healing is unusually fast.
When hurt, damage is shared between your health and your magic reserves.
Your bite disrupts and absorbs the magic of your enemies.
Potions cannot restore your health.


Message History

The steam dragon claws you but does no damage.
The steam dragon bites you. The steam dragon claws you.
The jelly is engulfed in a cloud of scalding steam.
The jelly hits you but does no damage.
You closely miss the steam dragon. Your bite misses the steam dragon.
The steam dragon is almost dead.
You hit the jelly but do no damage. The acid corrodes you!
Your hands burn!
You block the steam dragon's attack. The steam dragon claws you.
You block the jelly's attack. The steam dragon bites you.
The steam dragon closely misses you. The steam dragon breathes steam at you.
The ball of steam misses you.
You hear an angry hiss.
A water moccasin comes into view.
The steam dragon breathes steam at you. The ball of steam hits you!
You block the water moccasin's attack.
The jelly is engulfed in a cloud of scalding steam.
The jelly dies!
The water moccasin bites you. The water moccasin bites you.
You are poisoned.
The water moccasin poisons you! You block the water moccasin's attack.
You feel very sick.
You feel very sick.
You are no longer corroded.
You feel sick. You block the water moccasin's attack.
You feel sick.
You feel sick. You block the water moccasin's attack.
You feel sick. The steam dragon breathes steam at you.
The ball of steam hits you!!
* * * LOW HITPOINT WARNING * * *
You are engulfed in a cloud of scalding steam.
You feel sick.
The water moccasin is engulfed in a cloud of scalding steam.
You block the water moccasin's attack.
There is a stone staircase leading up here.
You are engulfed in a cloud of scalding steam.
You die...

## .# .# ##.##
###.[.######
##..........$
#####....#§§.....
#.#....##@§.###
#..J#####S§##
#.### ##§.# ##.##
##§.## #...##
#.§.#
..##..###D.## ###
#...#...#
#..#......#
##.##....##


You could see a water moccasin.

Vanquished Creatures
  Pikel (D:3)
  Menkaure (D:4)
  A sky beast (D:4)
  An orc warrior (D:5)
  2 ogres
  3 lemures
  A howler monkey (D:5)
  A centaur zombie (D:5)
  A jelly (D:4)
  A centaur skeleton (D:5)
  An iron imp (D:5)
  An iguana (D:5)
  2 killer bee zombies (D:5)
  4 gnolls (D:4)
  5 adders
  An adder zombie (D:5)
  3 dart slugs
  A worm (D:4)
  3 orcs (D:5)
  9 ball pythons
  2 bats
  7 endoplasms
  6 giant cockroaches
  4 goblins
  4 hobgoblins
  10 jackals
  4 kobolds
  5 quokkas
  2 frilled lizards (D:1)
  3 rats
90 creatures vanquished.

Vanquished Creatures (others)
  A jelly (D:6)
1 creature vanquished.

Grand Total: 91 creatures vanquished

Notes
Turn   | Place    | Note
-------+----------+-------------------------------------------
     0 | D:1      | 27snakeeyes612 the Vine Stalker Fighter began the quest for
                  | the Orb.
     0 | D:1      | Reached XP level 1. HP: 11/11 MP: 2/2
    58 | D:1      | Reached XP level 2. HP: 2/16 MP: 3/3
  1466 | D:2      | Reached XP level 3. HP: 20/20 MP: 4/4
  1952 | D:2      | Found a faded altar of an unknown god.
  2543 | D:3      | Found Ythreavo's General Store.
  2865 | D:3      | Found Beupuago's Book Emporium.
  2899 | D:3      | Gained mutation: Your natural rate of healing is unusually
                  | fast. [Vine Stalker growth]
  2899 | D:3      | Reached XP level 4. HP: 24/24 MP: 5/5
  3385 | D:4      | Noticed a lemure
  3386 | D:4      | Noticed a lemure
  3387 | D:4      | Noticed Pikel
  3428 | D:3      | Killed a lemure
  3454 | D:4      | Killed a lemure
  3481 | D:4      | Noticed a lemure
  3500 | D:4      | Killed a lemure
  3544 | D:4      | Noticed a lemure
  3638 | D:3      | Killed Pikel
  3639 | D:3      | Reached XP level 5. HP: 20/29 MP: 2/6
  3639 | D:3      | Reached XP level 6. HP: 23/33 MP: 2/7
  3639 | D:3      | Reached XP level 7. HP: 26/37 MP: 2/8
  3823 | D:4      | Found a staircase to the Ecumenical Temple.
  3857 | Temple   | Entered the Ecumenical Temple
  4087 | D:5      | Entered Level 5 of the Dungeon
  4087 | D:5      | Noticed Menkaure
  4158 | D:4      | Killed Menkaure
  4159 | D:4      | Gained mutation: You have razor-sharp teeth. [Vine Stalker
                  | growth]
  4159 | D:4      | Reached XP level 8. HP: 33/42 MP: 5/9
  4249 | D:5      | Found a bloodstained altar of Trog.
  4269 | D:5      | Reached skill level 5 in Fighting
  4269 | D:5      | Reached skill level 5 in Shields
  4844 | D:5      | Found a snail-covered altar of Cheibriados.
  5021 | D:6      | Engulfed by a steam dragon's steam

Illustrated notes

Levels and vault maps discovered:
D:1:      dpeg_arrival_lava_altar, layout_basic, minivault_26
D:2:      layout_basic, hellmonk_ecumenical_altar_leap_of_faith
D:3:      layout_loops_ring, serial_shops, nicolae_shop_window_shopping,
          nicolae_shop_statue_plus, nrook_mini_backslash
D:4:      layout_cave_pools, minmay_temple_entry_water_ring, uniq_pikel
D:5:      layout_loops_ring, kennysheep_mini_moat, slow_altar_1, uniq_menkaure
D:6:      layout_layer_cave, uniq_crazy_yiuf_cottage
Temple:   compressed_dpeg_circular_temple

Skill      XL: |  1  2  3  4  5  6  7  8 |
---------------+-------------------------+-----
Axes           | 2 3 4 |  4.8
Fighting       | 3 4 5 |  5.3
Shields        | 3 4 5 |  5.3
Armour         | 3 4 |  4.8

Action                   |  1- 3 |  4- 6 |  7- 9 || total
-------------------------+-------+-------+-------++-------
Melee: War axe           |    79 |    98 |   139 ||   316
       Bite              |    13 |    32 |    47 ||    92
Armor: Scale mail        |    42 |    45 |    76 ||   163
Dodge: Dodged            |    21 |    29 |    63 ||   113
Block: Kite shield       |    40 |    57 |   110 ||   207

Table legend: (Time is in decaauts)
 A = Elapsed time spent in this place.
 B = Non-inter-level travel time spent in this place.
 C = Inter-level travel time spent in this place.
 D = Time resting spent in this place.
 E = Time spent auto-exploring this place.
 F = Levels seen in this place.
 G = Mean time per level.
                   A        B        C        D        E       F      G
               +--------+--------+--------+--------+--------+-----+--------+
         Total |   5206 |   5002 |    204 |    105 |   4013 |   7 |  743.7 |
       Dungeon |   5118 |   4914 |    204 |    105 |   3941 |   6 |  853.0 |
        Temple |     87 |     87 |      0 |      0 |     72 |   1 |   87.0 |
               +--------+--------+--------+--------+--------+-----+--------+

Top non-repeatable levels by time:
     D:1: 1477 daAuts
     D:3: 1063 daAuts
     D:2: 1008 daAuts
     D:5: 837 daAuts
     D:4: 698 daAuts
  Temple: 87 daAuts
     D:6: 33 daAuts
